 Dungeon Crawl Stone Soup version 0.30.1-3-gfc49f6343a (webtiles) character file.

Game seed: 18088207444657333356

3287 cdecastro the Transmogrifier (level 9, -3/64 HPs)
             Began as a Yellow Draconian Transmuter on Aug 10, 2023.
             Was an Initiate of Yredelemnul.
             Killed from afar by a steam dragon (14 damage)
             ... with a ball of steam
             ... on level 8 of the Dungeon.
             The game lasted 00:23:24 (8618 turns).

cdecastro the Transmogrifier (DrTm)                 Turns: 8618, Time: 00:23:25

Health: -3/64      AC:  2    Str: 12    XL:     9   Next: 69%
Magic:  7/12       EV: 19    Int: 19    God:    Yredelemnul [......]
Gold:   150        SH:  0    Dex: 16    Spells: 2/12 levels left

rFire   . .          .
                       - Unarmed
rCold   + . .        (shield currently unavailable)
rNeg    . . .        (body armour unavailable)
rPois   x            (helmet currently unavailable)
rElec   .            (cloak currently unavailable)
rCorr   .            c - melded +0 pair of gloves
SInv    .            x - melded +0 pair of boots
Will    +....        z - amulet of faith
Stlth   +            f - ring of willpower
HPRegen 0.30/turn    j - ring of protection from cold
MPRegen 0.13/turn

%: faith
@: spider-form
A: venomous fangs, (spit acid), AC +7, tiny, unfitting armour, (cold-blooded),
(acid resistance)
a: End Transformation, Renounce Religion, Recall Undead Harvest


You were on level 8 of the Dungeon.
You worshipped Yredelemnul.
Yredelemnul was noncommittal.
You were a venomous arachnid creature.
You visited 1 branch of the dungeon, and saw 8 of its levels.

You collected 341 gold pieces.
You spent 191 gold pieces at shops.

Inventory:

Missiles
 p - 2 throwing nets
 F - 11 poisoned darts
Armour
 c - a +0 pair of gloves (melded)
 x - a +0 pair of boots (melded)
 G - a +0 cloak
Jewellery
 f - a ring of willpower (left front pincers)
 j - a ring of protection from cold (right front pincers)
 z - an amulet of faith (around neck)
 D - a ring of willpower
Wands
 s - a wand of paralysis (1)
Scrolls
 b - 10 scrolls of identify {unknown}
 h - 3 scrolls of fog {unknown}
 i - 2 scrolls of noise {unknown}
 k - a scroll of silence {unknown}
 m - a scroll of acquirement {unknown}
 n - a scroll of immolation {unknown}
 q - a scroll of enchant armour {unknown}
 y - 2 scrolls of vulnerability {unknown}
 B - a scroll of poison {unknown}
 E - 2 scrolls of brand weapon {unknown}
 H - 3 scrolls of summoning {unknown}
Potions
 a - a potion of lignification
 d - 3 potions of degeneration {unknown}
 e - 2 potions of cancellation {unknown}
 g - 3 potions of curing {unknown}
 l - 2 potions of brilliance {unknown}
 o - a potion of invisibility {unknown}
 r - a potion of ambrosia {unknown}
 t - 2 potions of attraction {unknown}
 u - 3 potions of might {unknown}
 v - 3 potions of heal wounds {unknown}
 w - 2 potions of haste {unknown}
 A - 4 potions of mutation {unknown}
 C - a potion of flight {unknown}


   Skills:
 - Level 1.1 Fighting
 - Level 1.7 Dodging
 + Level 8.5 Unarmed Combat
 - Level 2.0 Spellcasting
 * Level 11.4 Transmutations


You had 2 spell levels left.
You knew the following spells:

 Your Spells              Type           Power      Damage    Failure   Level
a - Beastly Appendage     Tmut           90%        N/A       1%          1
b - Wereblood             Tmut           45%        N/A       2%          2
c - Spider Form           Tmut/Pois      23%        N/A       14%         3
d - Ice Form              Ice/Tmut       23%        N/A       34%         4

Your spell library contained the following spells:

 Spells                   Type           Power      Damage    Failure   Level
 Foxfire                  Conj/Fire      4%         2x1d4     36%         1
 Fireball                 Conj/Fire      0%         3d3       100%        5
 Summon Forest            Summ/Tloc      0%         N/A       100%        5
 Summon Mana Viper        Hex/Summ       1%         N/A       100%        5
 Plasma Beam              Fire/Air       0%         2x1d11    100%        6
 Starburst                Conj/Fire      0%         6d3       100%        6
 Summon Cactus Giant      Summ           0%         N/A       100%        6


Dungeon Overview and Level Annotations

Branches:
Dungeon (8/15)             Temple (0/1) D:4
   Lair: D:8-11

Altars:
Ashenzari
Gozag
Hepliaklqana
Qazlal
Ru
Sif Muna
Vehumet
Yredelemnul
Zin

Shops:
D:1 *((!(   D:4 *   D:5 ?*   D:7 :

Annotations:
D:3 2 transporters
D:8 vault need dig


Innate Abilities, Weirdness & Mutations

You are a venomous arachnid creature.
You have venomous fangs.
You are tiny and dextrous.
Your spellcasting is less reliable in this form.
Your armour is entirely melded.
You are incapable of wielding weapons or throwing items.
((You can spit globs of acid.))
((Your golden yellow scales are hard. (AC +7)))
You cannot fit into any form of body armour.
((You are cold-blooded and may be slowed by cold attacks.))
((You are resistant to acid. (rCorr)))


Message History

The orc wizard completely misses you. The steam dragon completely misses you.
The steam dragon closely misses you.
The orc wizard hits you with a +0 dagger.
* * * LOW HITPOINT WARNING * * *
Unknown command.
You hit the steam dragon but do no damage.
The steam dragon is poisoned.
The orc wizard misses you. The steam dragon closely misses you. x2
Unknown command.
You hit the steam dragon.
The steam dragon is lightly wounded.
Your orc zombie hits the steam dragon but does no damage.
The steam dragon bites you!
* * * LOW HITPOINT WARNING * * *
The steam dragon closely misses you.
The orc wizard hits you with a +0 dagger.
* * * LOW HITPOINT WARNING * * *
Your magical contamination has completely faded away.
Unknown command.
Your orc zombie barely misses the orc wizard.
The orc wizard closely misses you.
Unknown command.
The orc wizard attacks as you move away!
The orc wizard hits you but does no damage.
Your orc zombie hits the steam dragon but does no damage.
Unknown command.
Unknown command.
You bite the orc wizard!
You kill the orc wizard!
The dead are walking!
The steam dragon barely misses you. The steam dragon claws you.
* * * LOW HITPOINT WARNING * * *
Unknown command.
You barely miss the steam dragon.
The steam dragon is moderately wounded.
Your orc zombie hits the steam dragon but does no damage.
The steam dragon breathes steam at you. The ball of steam hits you!
You die...
Your body rises from the dead as a mindless zombie.

.#.# #.......# ##.#
...# ###...#
#######..# .### .#
#.)...#####...#....
..# ..#
##.?..##$$##..#.###
..# ...#
#....##$$$#_.'.# .)#
#...
#....##$$##..#.#
..#...
#....#####...###
#.#.#
#######..Z.#########
#...# #......s)Z...#
....# #.######D....#
##### #.#.....##.#
#.....# #...#
#.#.###..#.# #######
#...# #.#.# #.#
######...##### ..# #
#.# #...# #.......
### #.#
#...###....... #)#
#............. #.###
#...###.......


You could see a steam dragon (poisoned, catching breath, ally target), a
friendly orc zombie and a friendly orc wizard zombie.

Vanquished Creatures
  A hornet (D:7)
  Eustachio (D:6)
  Sigmund (D:6)
  The ghost of WaxSun the Magician, an amateur DjCj (D:4)
  A steam dragon (D:7)
  2 ice beasts (D:6)
  An orc warrior (D:7)
  2 black bears (D:6)
  2 sky beasts (D:6)
  A centaur (D:8)
  3 ogres
  A kobold brigand (D:7)
  A gnoll sergeant (D:6)
  5 scorpions
  5 wights (D:6)
  A howler monkey (D:7)
  3 hounds (D:6)
  2 jellies
  An orc priest (D:3)
  Crazy Yiuf (D:6)
  3 iguanas
  3 orc wizards
  11 gnolls
  5 adders
  A shadow imp (D:7)
  3 white imps
  3 worms
  4 dart slugs
  17 orcs
  8 bats
  3 endoplasms
  2 giant cockroaches (D:1)
  15 goblins
  4 hobgoblins
  2 jackals (D:4)
  12 kobolds
  4 quokkas
  5 ball pythons
  4 frilled lizards
  5 rats
150 creatures vanquished.

Vanquished Creatures (collateral kills)
  An ice beast (D:6)
  A sleepcap (D:4)
  An iguana (D:4)
  4 gnolls
  2 adders
  A giant cockroach (D:2)
  A ball python (D:2)
  2 frilled lizards (D:3)
  2 kobolds
  A rat (D:3)
16 creatures vanquished.

Vanquished Creatures (others)
  A black bear zombie (D:6)
  An ice beast zombie (D:6)
  An ogre zombie (D:6)
  An adder zombie (D:6)
  An iguana zombie (D:6)
  A spectral white imp (D:7)
  3 orcs (D:8)
  2 bat zombies
  4 gnoll zombies
  An endoplasm zombie (D:4)
  A frilled lizard zombie (D:2)
  5 goblin zombies
  A hobgoblin zombie (D:3)
  6 orc zombies
  A rat zombie (D:3)
30 creatures vanquished.

Grand Total: 196 creatures vanquished

Notes
Turn   | Place    | Note
-------+----------+-------------------------------------------
     0 | D:1      | cdecastro the Draconian Transmuter began the quest for the
                  | Orb.
     0 | D:1      | Reached XP level 1. HP: 16/16 MP: 3/3
    14 | D:1      | Found Fattell's Weapon Shop.
   103 | D:1      | You fall into a shaft and drop 1 floor!
   116 | D:2      | Reached XP level 2. HP: 17/23 MP: 3/5
   120 | D:2      | Found a basalt altar of Yredelemnul.
   136 | D:2      | Became a worshipper of Yredelemnul the Dark
   243 | D:2      | Reached * piety under Yredelemnul
   388 | D:1      | Learned a level 2 spell: Wereblood
   436 | D:1      | Found Ycebyew's Distillery.
   467 | D:1      | Found a faded altar of an unknown god.
   479 | D:1      | Reached skill level 3 in Transmutations
   618 | D:1      | Reached XP level 3. HP: 28/28 MP: 6/6
   634 | D:1      | Found Maix Qoaliu's Weapon Emporium.
   680 | D:1      | Found Gayciumn's Weapon Boutique.
   708 | D:1      | Found Louwaor's General Store.
  1359 | D:2      | Reached XP level 4. HP: 15/35 MP: 4/7
  1676 | D:3      | Reached skill level 4 in Transmutations
  1693 | D:3      | Reached XP level 5. HP: 21/40 MP: 8/8
  1828 | D:3      | Found a transporter.
  2025 | D:3      | Reached ** piety under Yredelemnul
  2286 | D:3      | Found a transporter.
  2347 | D:3      | Reached *** piety under Yredelemnul
  2604 | D:3      | Found a shimmering blue altar of Sif Muna.
  2940 | D:3      | Learned a level 3 spell: Spider Form
  2967 | D:4      | Found a runed translucent door.
  3014 | D:4      | Reached skill level 5 in Transmutations
  3099 | D:4      | Found a staircase to the Ecumenical Temple.
  3126 | D:4      | Found an opulent altar of Gozag.
  3245 | D:4      | Reached XP level 6. HP: 35/47 MP: 9/9
  3419 | D:4      | Found Rerenug's Elemental Accessories.
  3445 | D:4      | Noticed WaxSun's ghost (amateur DjCj)
  3674 | D:4      | Killed WaxSun's ghost
  3675 | D:4      | Reached skill level 5 in Unarmed Combat
  3675 | D:4      | Reached skill level 6 in Transmutations
  3722 | D:5      | Entered Level 5 of the Dungeon
  3756 | D:5      | Your scales start taking on a golden yellow colour.
  3756 | D:5      | Reached XP level 7. HP: 52/52 MP: 3/10
  3756 | D:5      | Gained mutation: You are resistant to acid. (rCorr) [Yellow
                  | Draconian growth]
  4255 | D:5      | Found Vion's Assorted Antiques.
  4255 | D:5      | Found Doph's Magic Scroll Emporium.
  4263 | D:5      | Bought 2 dark potions for 45 gold pieces
  4263 | D:5      | Bought a dark potion for 22 gold pieces
  4263 | D:5      | Bought a brown potion for 22 gold pieces
  4263 | D:5      | Bought a scroll labelled KUODDA HYTS for 25 gold pieces
  4263 | D:5      | Bought a silvery potion for 22 gold pieces
  4263 | D:5      | Bought an amethyst potion for 22 gold pieces
  4411 | D:5      | Found a sacrificial altar of Ru.
  4639 | D:5      | Bought a scroll of teleportation for 33 gold pieces
  4663 | D:6      | Noticed Eustachio
  4667 | D:5      | Reached skill level 7 in Transmutations
  5070 | D:6      | Reached XP level 8. HP: 49/59 MP: 7/11
  5101 | D:6      | HP: 1/57 [river rat[Eustachio] (3)]
  5315 | D:6      | Noticed Sigmund
  5327 | D:6      | Killed Sigmund
  5328 | D:6      | Reached skill level 8 in Transmutations
  5750 | D:6      | Found a runed translucent door.
  5751 | D:6      | Noticed Crazy Yiuf
  5762 | D:6      | Killed Crazy Yiuf
  5894 | D:6      | Reached skill level 9 in Transmutations
  6183 | D:6      | Reached XP level 9. HP: 41/64 MP: 4/12
  6305 | D:6      | Reached skill level 10 in Transmutations
  6347 | D:6      | Noticed a troll
  6353 | D:6      | Your ally Crazy Yiuf died
  6684 | D:6      | Killed Eustachio
  6708 | D:6      | Learned a level 4 spell: Ice Form
  7203 | D:7      | Found a radiant altar of Vehumet.
  7218 | D:7      | Reached skill level 11 in Transmutations
  7587 | D:7      | Found a stormy altar of Qazlal.
  7645 | D:7      | Paralysed by a hornet for 1 turns
  7756 | D:7      | Found Xajoeru's Book Shoppe.
  8164 | D:8      | Noticed a two-headed ogre
  8419 | D:8      | Found a glowing silver altar of Zin.
  8562 | D:8      | Found a hazy altar of Hepliaklqana.
  8569 | D:8      | Found a broken altar of Ashenzari.
  8618 | D:8      | Killed from afar by a steam dragon

Illustrated notes

Levels and vault maps discovered:
D:1:      minmay_arrival_four_circles, layout_loops_ring,
          chequers_ecumenical_altar_island, serial_shops, nicolae_shop_crystal,
          nicolae_shop_bloodbath_and_beyond, nicolae_shop_rolling_square, shop,
          shop
D:2:      layout_basic, basic_altar, grunt_ministairs_11, corexii_shack,
          kennysheep_crisscross, kennysheep_generic_room_9
D:3:      gammafunk_wand_slinger, layout_basic, nicolae_sif_muna_condensation,
          minivault_25
D:4:      layout_cave_pools, nicolae_gozag_seed_capital,
          minmay_temple_entry_glass, ebering_ghost_sewer_d,
          nicolae_elemental_shop
D:5:      layout_loops_ring, lemuel_doored_altar, nicolae_wooded_promenade
D:6:      minmay_razor_zed, layout_basic, chequers_decorated_corner,
          amcnicky_mini_corridor_feature, lemuel_flamethrower_1, uniq_sigmund,
          uniq_crazy_yiuf_cottage, uniq_eustachio
D:7:      layout_loops_ring, mainiacjoe_overflow_alcove_1,
          nicolae_qazlal_style_of_elements, serial_shops, nicolae_lakefront_shop
D:8:      layout_basic, zin_treasury, mainiacjoe_overflow_big_doors

Skill      XL: |  1  2  3  4  5  6  7  8  9 |
---------------+----------------------------+-----
Transmutations | 3 4 5 6 7 9 11 | 11.4
Unarmed Combat | 4 5 6 7 8 |  8.5
Fighting       | |  1.1
Dodging        | |  1.7
Spellcasting   | |  2.0

Action                     |  1- 3 |  4- 6 |  7- 9 || total
---------------------------+-------+-------+-------++-------
  Melee: Unarmed           |   113 |   194 |   277 ||   584
         Kick              |    15 |    24 |     8 ||    47
         Tailslap          |    14 |    27 |    15 ||    56
         Headbutt          |    13 |    14 |     3 ||    30
         Punch             |     5 |     2 |     7 ||    14
   Cast: Beastly Appendage |    15 |    23 |     3 ||    41
         Wereblood         |     2 |     3 |     1 ||     6
         Spider Form       |       |     2 |    20 ||    22
         Ice Form          |       |       |     2 ||     2
 Invoke: Recall Undead Har |       |       |     3 ||     3
Ability: Breathe Acid      |       |       |    20 ||    20
  Evoke: Wand              |       |       |     7 ||     7
    Use: Scroll            |       |       |     1 ||     1
   Stab: Sleeping          |       |     3 |       ||     3
         Paralysed         |       |       |    11 ||    11
         Distracted        |       |       |     1 ||     1
 Armour: Skin              |    42 |    52 |    57 ||   151
  Dodge: Dodged            |    75 |   102 |   218 ||   395
